 Dungeon Crawl Stone Soup version 0.16-a0-2581-g6f3a107 (webtiles) character file.

106 RobertPalmer the Poker (level 4, 0/29 HPs)
             Began as an Octopode Gladiator on Nov 21, 2014.
             Slain by a gnoll
             ... wielding a +0 flail
              (9 damage)
             ... on level 3 of the Dungeon.
             The game lasted 00:04:13 (2209 turns).

RobertPalmer the Poker (Octopode Gladiator)         Turns: 2209, Time: 00:04:13

Health: 0/29       AC:  1    Str: 14    XL:     4   Next: 84%
Magic:  4/4        EV: 13    Int: 11    God:
Gold:   59         SH:  0    Dex: 12    Spells: 0 memorised, 3 levels left

rFire  . . .     SeeInvis .     a - +0 trident
rCold  . . .     Clarity  +     (no shield)
rNeg   . . .     SustAb   .     c - +0 hat
rPois  .         Gourm    .     l - amulet of clarity
rElec  .         Spirit   .     b - ring of wizardry
rCorr  .         Warding  .     (no ring)
rMut   .         Stasis   .     (no ring)
MR     .....                    (no ring)
Stlth  +++.......               (no ring)
                                (no ring)
                                (no ring)
                                (no ring)

@: not resistant to hostile enchantments, fairly stealthy
A: almost no armour, amphibious, 8 rings, constrict 8, camouflage 1, gelatinous
body 1
a: no special abilities


You were on level 3 of the Dungeon.
You were not hungry.

You visited 1 branch of the dungeon, and saw 3 of its levels.

You collected 59 gold pieces.


Innate Abilities, Weirdness & Mutations

You cannot wear most types of armour.
You are amphibious.
You can wear up to eight rings at the same time.
You can use your tentacles to constrict many enemies at once.
Your skin changes colour to match your surroundings (Stealth).
Your rubbery body absorbs attacks (AC +1).


   Skills:
 - Level 2.0 Fighting
 - Level 5.1 Polearms
 - Level 2.0 Throwing
 - Level 3.0 Dodging
 + Level 1.9 Stealth


You had 3 spell levels left.
You didn't know any spells.

Inventory:

Hand weapons
 a - a +0 trident (weapon)
Missiles
 d - 3 throwing nets (quivered)
Armour
 c - a +0 hat (worn)
Jewellery
 b - a ring of wizardry (left tentacle)
 l - an amulet of clarity (around mantle)
Scrolls
 h - 3 scrolls of random uselessness {unknown}
 m - a scroll of enchant armour {unknown}
 n - a scroll of identify
 o - 3 scrolls of teleportation {unknown}
 q - a scroll of immolation {unknown}
 r - 2 scrolls of noise {unknown}
 t - a scroll of remove curse {unknown}
Potions
 e - 2 potions of invisibility {unknown}
 g - a potion of haste {unknown}
 i - a potion of cancellation {unknown}
 j - a potion of agility {unknown}
 k - 2 potions of poison {unknown}
 s - a potion of mutation {unknown}
 w - 2 potions of brilliance {unknown}
Comestibles
 f - 3 bread rations
 p - 2 meat rations
 u - a slice of pizza
 v - a beef jerky
 x - 2 fruits

Dungeon Overview and Level Annotations

Branches:
Dungeon (3/15)

Altars:

#.....#.# #+# #+### #.....#.##
###.# ...... ##.....#..# #....
......[ ..........#
#.#.###....... ##.....##.###.#...
.......
#..........†#.#.###........
#.......#.........g†.......
#(......#........g.........
##......#.#.....@g........
#.....####.........(.....
######## ##..#.###############
####### #..................#
'.....# +..#.#†.........##.###
#.....## #..#.#..........##...#
#......# ###.#.#..........####.#
#......####.#...#..........# #..
#...........##..#..........####.#


You could see 3 gnolls.


Message History

A giant gecko is nearby!
A giant gecko is nearby!
A giant gecko is nearby!
Sorry, you're not good enough to have a special ability.
Found 11 arrows.
A gnoll comes into view. It is wielding a flail.
A gnoll comes into view.
The gnoll shouts!
A gnoll comes into view. It is wielding a halberd of flaming.
Attack whom?
Aim: a giant gecko You reach to attack!
You hit the giant gecko.
You kill the giant gecko!
Found a plate armour.
The gnoll misses you.
The gnoll hits you from afar with a halberd of flaming!
The gnoll burns you.
The gnoll throws a throwing net.
The throwing net hits you.
You become entangled in the net!
You see here a throwing net.
You struggle against the net.
You try to slip out of the net.
The gnoll hits you with a flail!
* * * LOW HITPOINT WARNING * * *
The gnoll closely misses you.
You try to slip out of the net.
The gnoll barely misses you. The gnoll closely misses you.
Unknown command.
You slip out of the net!
The gnoll hits you but does no damage. The gnoll hits you with a flail!
You die...

Action                   |  1- 3 |  4- 6 || total
-------------------------+-------+-------++-------
Melee: Trident           |    92 |    56 ||   148
  Use: Scroll            |     1 |       ||     1
 Stab: Sleeping          |     4 |     3 ||     7
  Eat: Chunk             |     1 |     3 ||     4

Vault maps used:
D:1:      eino_arrival_cavern_e, minmay_ruptured
D:3:      gammafunk_temple_overflow_statue, minmay_stone_trees_small

Notes
Turn   | Place    | Note
--------------------------------------------------------------
     0 | D:1      | RobertPalmer, the Octopode Gladiator, began the quest for the Orb.
     0 | D:1      | Reached XP level 1. HP: 14/14 MP: 1/1
   434 | D:1      | Reached XP level 2. HP: 17/19 MP: 2/2
   780 | D:1      | Reached skill level 4 in Polearms
   999 | D:1      | Reached XP level 3. HP: 24/24 MP: 3/3
  1461 | D:2      | Reached XP level 4. HP: 29/29 MP: 4/4
  1613 | D:2      | Reached skill level 5 in Polearms
  1944 | D:3      | Reached skill level 1 in Stealth
  2209 | D:3      | Slain by a gnoll

Vanquished Creatures
  An adder (D:2)
  A gnoll (D:2)
  2 giant mites (D:3)
  4 worms
  4 giant geckos
  A giant cockroach (D:3)
  5 goblins
  7 hobgoblins
  3 jackals (D:1)
  A quokka (D:2)
  11 bats
  2 giant newts
  4 kobolds
  4 rats
50 creatures vanquished.
